 Dungeon Crawl Stone Soup version 0.32-a0-818-gb728d0252e (webtiles) character file.

Game seed: 6117290269639638770

35 Rpamer15 the Apothecary (level 3, 0/26 HPs)
             Began as a Draconian Alchemist on Mar 23, 2024.
             Slain by a gnoll
             ... wielding a +0 flail
              (1 damage)
             ... on level 1 of the Dungeon.
             The game lasted 00:04:17 (1665 turns).

Rpamer15 the Apothecary (Draconian Alchemist)       Turns: 1665, Time: 00:04:20

Health: 0/26       AC:  5    Str: 10    XL:     3   Next: 16%
Magic:  5/6        EV: 11    Int: 17    God:
Gold:   32         SH:  0    Dex: 11    Spells: 3/6 levels left

rFire   . . .        f - +0 whip
rCold   . . .        (no shield)
rNeg    . . .        (body armour unavailable)
rPois   .            (helmet restricted)
rElec   .            (no cloak)
rCorr   .            (no gloves)
SInv    .            (no boots)
Will    .....        (no amulet)
Stlth   ++           (no ring)
HPRegen 0.24/turn    (no ring)
MPRegen 0.10/turn

%: no passive effects
@: no status effects
A: AC +5, unfitting armour, cold-blooded
a: no special abilities


You were on level 1 of the Dungeon.
You visited 1 branch of the dungeon, and saw 2 of its levels.

You collected 32 gold pieces.

Inventory:

Hand Weapons
 f - a +0 whip (weapon)
Scrolls
 b - a scroll of identify {unknown}
 e - a scroll of teleportation {unknown}
 g - a scroll of blinking {unknown}
Potions
 a - a potion of magic
 c - 2 potions of degeneration {unknown}
 d - 2 potions of mutation {unknown}


   Skills:
 + Level 0.2 Fighting
 + Level 1.9 Dodging
 + Level 1.9 Stealth
 + Level 0.3 Unarmed Combat
 + Level 2.3 Spellcasting
 + Level 1.4 Conjurations
 + Level 3.6 Alchemy


You had 3 spell levels left.
You knew the following spells:

 Your Spells              Type           Power      Damage    Failure   Level
a - Sting                 Conj/Alch      40%        1d5       7%          1
b - Mercury Vapours       Alch/Air       16%        N/A       14%         2

Your spell library contained the following spells:

 Spells                   Type           Power      Damage    Failure   Level
 Mephitic Cloud           Conj/Alch/Air  7%         N/A       28%         3
 Olgreb's Toxic Radiance  Alch           14%        N/A       38%         4
 Sticky Flame             Fire/Alch      8%         2d4       65%         4


Dungeon Overview and Level Annotations

Branches:
Dungeon (2/15)

Altars:


Innate Abilities, Weirdness & Mutations

Your plain brown scales are hard. (AC +5)
You cannot fit into any form of body armour.
You are cold-blooded and may be slowed by cold attacks.


Message History

You climb upwards.
There is a stone staircase leading down here.
The sting hits the gnoll.
The gnoll is poisoned.
The gnoll is moderately wounded.
The gnoll hits you with a +0 club. The gnoll misses you.
You are too injured to fight recklessly!
You are too injured to fight recklessly!
You are too injured to fight recklessly!
Okay, then.
Okay, then.
Hit: f) +0 whip
Press: ? - help, Dir - move target, f/p - gnoll
Aim: a gnoll, wielding a +0 flail (moderately wounded, poisoned, about 42% to evade your +0 whip)
You hit the gnoll.
The gnoll is severely wounded.
The gnoll closely misses you. The gnoll hits you with a +0 flail.
Hit: f) +0 whip
Press: ? - help, Dir - move target, f/p - gnoll
Aim: a gnoll, wielding a +0 flail (severely wounded, poisoned, about 42% to evade your +0 whip)
You hit the gnoll but do no damage.
The gnoll is severely wounded.
The gnoll hits you with a +0 club!
* * * LOW HITPOINT WARNING * * *
The gnoll hits you with a +0 flail.
* * * LOW HITPOINT WARNING * * *
Hit: f) +0 whip
Press: ? - help, Dir - move target, f/p - gnoll
Aim: a gnoll, wielding a +0 flail (severely wounded, poisoned, about 42% to evade your +0 whip)
You hit the gnoll but do no damage.
Your tail-slap misses the gnoll.
The gnoll is severely wounded.
The gnoll hits you with a +0 club.
* * * LOW HITPOINT WARNING * * *
The gnoll misses you.
Hit: f) +0 whip
Press: ? - help, Dir - move target, f/p - gnoll
Aim: a gnoll, wielding a +0 flail (almost dead, poisoned, about 42% to evade your +0 whip)
You hit the gnoll.
The gnoll is almost dead.
The gnoll barely misses you. The gnoll hits you with a +0 flail.
You die...

####.#.# #.......# #
#.#.# #.#####.#######
####.#.####.###.........#
................#.#####.#
####....###.##..#.# #.# #
#.....##.##..#.### #.#
####....###.........# #.#
.....#.## #####..g..# #.#
######.# #.@...###.# #.#
#g........# ##'##
#.....##### ##...##
#.....# ##.....## ###.###
##.......## ##..#
##...รท.....####...##
.+.........'.......#
##.........####...#####


You could see 2 gnolls.

Vanquished Creatures
  A dart slug (D:1)
  A ball python (D:1)
  3 bats (D:1)
  4 endoplasms (D:1)
  2 giant cockroaches (D:1)
  3 hobgoblins (D:1)
  5 jackals (D:1)
  3 quokkas (D:1)
  A frilled lizard (D:1)
  4 rats (D:1)
27 creatures vanquished.

Notes
Turn   | Place    | Note
-------+----------+-------------------------------------------
     0 | D:1      | Rpamer15 the Draconian Alchemist began the quest for the
                  | Orb.
     0 | D:1      | Reached XP level 1. HP: 14/14 MP: 3/3
   411 | D:1      | Reached XP level 2. HP: 13/20 MP: 1/5
   414 | D:1      | Learned a level 2 spell: Mercury Vapours
  1208 | D:1      | Reached XP level 3. HP: 16/26 MP: 1/6
  1664 | D:1      | HP: 1/26 [gnoll/+0 club (2)]
  1665 | D:1      | Slain by a gnoll

Illustrated notes

Levels and vault maps discovered:
D:1:      minmay_arrival_three_doors, layout_loops_corners, dk_noncrumbling_3,
          grunt_decor_fettered, minmay_misc_feat_alley,
          chequers_serial_rivers_small_3
D:2:      layout_loops_ring, serial_shops, shop

Action                     || total
---------------------------++-------
  Melee: Unarmed           ||    36
         Tailslap          ||     4
         Punch             ||     1
         Whip              ||     7
   Cast: Sting             ||    56
 Armour: Skin              ||    32
  Dodge: Dodged            ||    46

Table legend: (Time is in decaauts)
 A = Elapsed time spent in this place.
 B = Non-inter-level travel time spent in this place.
 C = Inter-level travel time spent in this place.
 D = Time resting spent in this place.
 E = Time spent auto-exploring this place.
 F = Levels seen in this place.
 G = Mean time per level.
                   A        B        C        D        E       F      G
               +--------+--------+--------+--------+--------+-----+--------+
         Total |   1668 |   1612 |     56 |      0 |   1435 |   2 |  834.0 |
       Dungeon |   1668 |   1612 |     56 |      0 |   1435 |   2 |  834.0 |
               +--------+--------+--------+--------+--------+-----+--------+

Top non-repeatable levels by time:
     D:1: 1667 daAuts
     D:2: 1 daAuts
